 Dungeon Crawl Stone Soup version 0.29-a0-284-gf9362112df (webtiles) character file.

Game seed: 13851829490058906125

186 spaghetti the Conjurer (level 5, 0/35 HPs)
             Began as a Demonspawn Conjurer on Mar 24, 2022.
             Slain by Pargi (2 damage)
             ... on level 3 of the Dungeon.
             The game lasted 00:04:38 (3296 turns).

spaghetti the Conjurer (Demonspawn Conjurer)        Turns: 3296, Time: 00:04:38

Health: 0/35       AC:  3    Str:  7    XL:     5   Next: 38%
Magic:  7/8        EV: 12    Int: 21    God:
Gold:   106        SH:  6    Dex: 12    Spells: 7/8 levels left

rFire   . . .      SeeInvis .   o - +0 dagger {short}
rCold   . . .      Faith    .   (no shield)
rNeg    . . .      Spirit   .   a - +0 robe
rPois   .          Reflect  .   (no helmet)
rElec   .          Harm     .   (no cloak)
rCorr   .          Rampage  .   p - +0 pair of gloves
Will    .....                   (no boots)
Stlth   ++........              i - amulet of magic regeneration {@e2}
HPRegen 0.11/turn               (no ring)
MPRegen 0.51/turn               (no ring)

@: attractive
A: hooves 1, large bone plates 2
a: no special abilities


You were on level 3 of the Dungeon.
You visited 1 branch of the dungeon, and saw 3 of its levels.

You collected 106 gold pieces.


Innate Abilities, Weirdness & Mutations

You have large cloven feet.
You are mostly covered in large bone plates. (SH +6)


   Skills:
 - Level 1.7 Dodging
 - Level 1.7 Stealth
 - Level 2.4 Spellcasting
 - Level 4.2 Conjurations
 + Level 4.2 Transmutations


You had 7 spell levels left.
You knew the following spells:

 Your Spells              Type           Power      Damage    Failure   Level
a - Magic Dart            Conj           80%        1d7       2%          1

Your spell library contained the following spells:

 Spells                   Type           Power      Damage    Failure   Level
 Searing Ray              Conj           40%        2d5       3%          2
 Dazzling Flash           Conj/Hex       22%        N/A       17%         3
 Portal Projectile        Hex/Tloc       4%         N/A       38%         3
 Fulminant Prism          Conj/Hex       5%         3d7       50%         4
 Iskenderun's Mystic Bla  Conj/Tloc      11%        2d4       50%         4
 Blade Hands              Tmut           10%        N/A       56%         5
 Excruciating Wounds      Necr           1%         N/A       98%         5

Inventory:

Hand Weapons
 f - a +0 short sword {short}
   (You took it off a kobold on level 1 of the Dungeon)
 n - a +0 club {mace}
   (You took it off Jessica on level 2 of the Dungeon)
 o - a +0 dagger (weapon) {short}
   (You took it off a kobold on level 2 of the Dungeon)
Missiles
 c - 5 poisoned darts {throwing}
 g - 54 stones {throwing}
 m - 2 boomerangs {throwing}
Armour
 a - a +0 robe (worn)
 p - a +0 pair of gloves (worn)
   (You found it on level 2 of the Dungeon)
Jewellery
 i - an amulet of magic regeneration (around neck) {@e2}
   (You found it on level 3 of the Dungeon)
Scrolls
 d - a scroll of blinking {unknown}
 j - 4 scrolls of identify {unknown}
 k - a scroll of vulnerability {unknown}
 l - a scroll of fog {unknown}
 q - a scroll of magic mapping {unknown}
Potions
 e - a potion of brilliance

Dungeon Overview and Level Annotations

Branches:
Dungeon (3/15)

Altars:
Xom

Annotations:
D:3 Pargi

..#.......######.##.#
#..#....... #.##)#
#..#....... #.##.#####
#.. #...... #.##.#...#
#.. ......#### #.##.#.#.#
. #...#...# #.##.#.#.#
#..###...#...###.##.#.#.#
................>##.#.#.#
#...####T@..........#.#.#
#......##.#######.#.#.#
#......#..........#.#.# #
#......#..#######.#.#.#
#.#..###.#..# #.#.#.#
#.##'###.#..# #.#.#.#
##.# #......#.#..#
#.#.#.# ...#
#......#'#..# #.#.#.# ..#
#......)....#######.#[#.#


You could see Pargi.


Message History

You lost 1 mp, and now have 5/8 mp.
The magic dart hits Pargi.
Pargi closely misses you. You block Pargi's attack. Pargi claws you. 😕 HP[-1]
You take 1 damage, and now have 34/35 hp.
The magic dart hits Pargi.
You block Pargi's attack. Pargi claws you but does no damage.
Pargi barely misses you. 😕 MP[-1]
You lost 1 mp, and now have 4/8 mp.
The magic dart hits Pargi.
Pargi bites you. Pargi claws you but does no damage.
Pargi barely misses you. 😕 HP[-2]
You take 2 damage, and now have 32/35 hp.
The magic dart hits Pargi.
Pargi bites you. Pargi barely misses you. Pargi misses you. 😕 HP[-3] MP[-1]
You take 3 damage, and now have 29/35 hp.
You lost 1 mp, and now have 3/8 mp.
The magic dart hits Pargi but does no damage.
Pargi completely misses you. Pargi closely misses you.
Pargi claws you. 😕 HP[-2]
You take 2 damage, and now have 27/35 hp.
The magic dart hits Pargi.
Pargi bites you.
Pargi claws you but does no damage. x2 😮 HP[-6] MP[-1]
You take 6 damage, and now have 21/35 hp.
You lost 1 mp, and now have 2/8 mp.
You are too injured to fight recklessly!
You are too injured to fight recklessly!
You are too injured to fight recklessly!
You are too injured to fight recklessly!
Aiming: Magic Dart (safe; 2% risk of failure)
Press: ? - help, Q - select action, (/) - cycle Shift-Dir - straight line, f/p - Pargi
Aim: Pargi (heavily wounded, 100% to hit)
The magic dart hits Pargi!
Pargi bites you but does no damage. Pargi claws you but does no damage.
Pargi misses you.
Aiming: Magic Dart (safe; 2% risk of failure)
Press: ? - help, Q - select action, (/) - cycle Shift-Dir - straight line, f/p - Pargi
Aim: Pargi (severely wounded, 100% to hit)
The magic dart hits Pargi.
Pargi bites you. You block Pargi's attack.
Pargi closely misses you. 😮 HP[-3] MP[-1]
You take 3 damage, and now have 18/35 hp.
You lost 1 mp, and now have 1/8 mp.
Aiming: Magic Dart (safe; 2% risk of failure)
Press: ? - help, Q - select action, (/) - cycle Shift-Dir - straight line, f/p - Pargi
Aim: Pargi (severely wounded, 100% to hit)
The magic dart hits Pargi.
You block Pargi's attack. Pargi claws you but does no damage.
Pargi barely misses you.
Aiming: Magic Dart (safe; 2% risk of failure)
Press: ? - help, Q - select action, (/) - cycle Shift-Dir - straight line, f/p - Pargi
Aim: Pargi (severely wounded, 100% to hit)
The magic dart hits Pargi but does no damage.
Pargi bites you.
* * * LOW HITPOINT WARNING * * *
Pargi claws you but does no damage. Pargi claws you.
* * * LOW HITPOINT WARNING * * *
😨 HP[-7] MP[-1]
You take 7 damage, and now have 11/35 hp.
You lost 1 mp, and now have 0/8 mp.
You don't have enough magic to cast this spell.
Unknown command.
You aren't carrying any items that you can evoke.
It was a potion of attraction.
You feel attractive to monsters. Pargi bites you.
* * * LOW HITPOINT WARNING * * *
Pargi claws you.
* * * LOW HITPOINT WARNING * * *
You block Pargi's attack. 😱 HP[-4] MP[+1]
You take 4 damage, and now have 7/35 hp.
Aiming: Magic Dart (safe; 2% risk of failure)
Press: ? - help, Q - select action, (/) - cycle Shift-Dir - straight line, f/p - Pargi
Aim: Pargi (severely wounded, 100% to hit)
The magic dart hits Pargi but does no damage.
You block Pargi's attack. x2; Pargi claws you but does no damage. 😱 MP[-1]
You lost 1 mp, and now have 0/8 mp.
Magic courses through your body. Pargi bites you.
* * * LOW HITPOINT WARNING * * *
You block Pargi's attack.
Pargi barely misses you. 😱 HP[-3] MP[+8]
You take 3 damage, and now have 4/35 hp.
Your mp is fully restored (8).
Aiming: Magic Dart (safe; 2% risk of failure)
Press: ? - help, Q - select action, (/) - cycle Shift-Dir - straight line, f/p - Pargi
Aim: Pargi (severely wounded, 100% to hit)
The magic dart hits Pargi.
Pargi barely misses you. Pargi claws you but does no damage. Pargi claws you.
* * * LOW HITPOINT WARNING * * *
😱 HP[-2]
You take 2 damage, and now have 2/35 hp.
Aiming: Magic Dart (safe; 2% risk of failure)
Press: ? - help, Q - select action, (/) - cycle Shift-Dir - straight line, f/p - Pargi
Aim: Pargi (severely wounded, 100% to hit)
The magic dart hits Pargi!
Pargi misses you. Pargi claws you.
You die...

Skill      XL: |  1  2  3  4  5 |
---------------+----------------+-----
Transmutations | 1 2 3 4 |  4.2
Dodging        | |  1.7
Stealth        | |  1.7
Spellcasting   | |  2.4
Conjurations   | |  4.2

Action                   |  1- 3 |  4- 6 || total
-------------------------+-------+-------++-------
Melee: Unarmed           |     6 |       ||     6
 Cast: Magic Dart        |    71 |    96 ||   167
  Use: Potion            |     2 |     2 ||     4
       Scroll            |       |     1 ||     1
Armor: Robe              |     2 |    12 ||    14
Dodge: Dodged            |    17 |    25 ||    42
Block: Other             |     8 |    13 ||    21

Levels and vault maps discovered:
D:1:      dpeg_arrival_yet_another_circle, layout_basic
D:2:      cheibrodos_fertilizer, layout_basic, uniq_jessica
D:3:      minmay_recursive_quarters, layout_basic, dk_xom_monty_hall,
          minmay_distorted, uniq_pargi

Notes
Turn   | Place    | Note
-------+----------+-------------------------------------------
     0 | D:1      | spaghetti the Demonspawn Conjurer began the quest for the
                  | Orb.
     0 | D:1      | Reached XP level 1. HP: 13/13 MP: 3/3
     0 | D:1      | magus.rc [v1.9.6]
   241 | D:1      | You pick up a book of Weapons and begin reading...
   241 | D:1      | You add the spells Portal Projectile, Excruciating Wounds
                  | and Blade Hands to your library.
   480 | D:1      | Gained mutation: You are partially covered in large bone
                  | plates. (SH +4) [demonic ancestry]
   480 | D:1      | Reached XP level 2. HP: 19/19 MP: 0/5
  1249 | D:2      | Reached skill level 1 in Transmutations
  1462 | D:2      | Gained mutation: You are mostly covered in large bone
                  | plates. (SH +6) [demonic ancestry]
  1462 | D:2      | Reached XP level 3. HP: 24/24 MP: 3/6
  1534 | D:2      | Noticed Jessica
  1541 | D:2      | Killed Jessica
  1542 | D:2      | Reached skill level 2 in Transmutations
  2303 | D:2      | Gained mutation: You have large cloven feet. [demonic
                  | ancestry]
  2303 | D:2      | Reached XP level 4. HP: 30/30 MP: 1/7
  2409 | D:3      | Reached skill level 3 in Transmutations
  2591 | D:3      | Found a shimmering altar of Xom.
  2796 | D:3      | Reached XP level 5. HP: 35/35 MP: 6/8
  2816 | D:3      | Noticed Pargi
  2964 | D:3      | Reached skill level 4 in Transmutations
  3292 | D:3      | HP: 7/35 [Pargi (3)]
  3295 | D:3      | HP: 2/35 [Pargi (2)]
  3296 | D:3      | Slain by Pargi

Vanquished Creatures
  2 jellies (D:3)
  Jessica (D:2)
  3 gnolls (D:3)
  An adder (D:2)
  5 orcs (D:3)
  2 ball pythons
  5 bats
  4 endoplasms
  6 giant cockroaches
  4 goblins
  7 hobgoblins
  An iguana (D:3)
  4 kobolds
  2 quokkas (D:1)
  4 frilled lizards
  4 rats
55 creatures vanquished.

Vanquished Creatures (others)
  6 fungi (D:2)
  7 toadstools (D:2)
13 creatures vanquished.

Grand Total: 68 creatures vanquished

Table legend:
 A = Non-vault XP
 B = Vault XP
 C = Vault XP percentage of total XP
 D = Non-vault monster count
 E = Vault monster count
 F = Vault count percentage of total count
                 A         B        C        D         E       F
            +---------+---------+-------+---------+---------+-------
      Total |     107 |     159 |  59.8 |      38 |      17 |  30.9
            +---------+---------+-------+---------+---------+-------
        D:1 |      20 |       0 |   0.0 |      11 |       0 |   0.0
        D:2 |      34 |      43 |  55.8 |      14 |       5 |  26.3
        D:3 |      53 |     116 |  68.6 |      13 |      12 |  48.0
            +---------+---------+-------+---------+---------+-------

Illustrated notes

Table legend:
 A = Kills in this place as a percentage of kills in entire the game.
 B = Kills by you in this place as a percentage of kills by you in the entire game.
 C = Kills by friends in this place as a percentage of kills by friends in the entire game.
 D = Other kills in this place as a percentage of other kills in the entire game.
 E = Experience gained in this place as a percentage of experience gained in the entire game.
 F = Experience gained in this place divided by the number of levels of this place that you have seen.
                   A       B       C       D       E      F
               +-------+-------+-------+-------+-------+----------------------
         Total | 100.0 | 100.0 |   N/A |   N/A | 100.0 |  88.7
       Dungeon | 100.0 | 100.0 |   N/A |   N/A | 100.0 |  88.7
               +-------+-------+-------+-------+-------+----------------------

Table legend: (Time is in decaauts)
 A = Elapsed time spent in this place.
 B = Non-inter-level travel time spent in this place.
 C = Inter-level travel time spent in this place.
 D = Time resting spent in this place.
 E = Time spent auto-exploring this place.
 F = Levels seen in this place.
 G = Mean time per level.
                   A        B        C        D        E       F      G
               +--------+--------+--------+--------+--------+-----+--------+
         Total |   3304 |   3081 |    223 |    423 |   2169 |   3 | 1101.3 |
       Dungeon |   3304 |   3081 |    223 |    423 |   2169 |   3 | 1101.3 |
               +--------+--------+--------+--------+--------+-----+--------+

Top non-repeatable levels by time:
     D:1: 1514 daAuts
     D:3: 975 daAuts
     D:2: 814 daAuts
